 Dungeon Crawl Stone Soup version 0.19.0-11-g3fc08b3 (webtiles) character file.

104 MovingMist the Skirmisher (level 4, -1/42 HPs)
             Began as a Hill Orc Fighter on Nov 9, 2016.
             Slain by a scorpion (5 damage)
             ... on level 3 of the Dungeon.
             The game lasted 00:05:06 (2159 turns).

MovingMist the Skirmisher (Hill Orc Fighter)        Turns: 2159, Time: 00:05:07

Health: -1/42      AC:  9    Str: 19    XL:     4   Next: 80%
Magic:  4/4        EV:  5    Int:  8    God:
Gold:   186        SH:  9    Dex: 10    Spells: 0 memorised, 3 levels left

rFire  . . .     SeeInvis .     a - +0 war axe
rCold  . . .     Gourm    .     n - +0 chain mail
rNeg   . . .     Faith    .     c - +0 shield
rPois  .         Spirit   .     (no helmet)
rElec  .         Reflect  .     (no cloak)
rCorr  .         Harm     .     (no gloves)
MR     .....                    (no boots)
Stlth  ..........               (no amulet)
                                (no ring)
                                (no ring)

@: lethally poisoned (-1 -> -14)
A: no striking features
a: no special abilities


You were on level 3 of the Dungeon.
You were very hungry.

You visited 1 branch of the dungeon, and saw 3 of its levels.

You collected 186 gold pieces.

Inventory:

Hand Weapons
 a - a +0 war axe (weapon)
Armour
 c - a +0 shield (worn)
 n - a +0 chain mail (worn)
Jewellery
 s - an uncursed ring of positive energy {unknown}
Wands
 b - a wand of lightning (2/15)
Scrolls
 e - 3 scrolls of identify {unknown}
 h - 2 scrolls of fear {unknown}
 l - a scroll of random uselessness {unknown}
 o - 3 scrolls of noise {unknown}
 p - 2 scrolls of teleportation {unknown}
 q - a scroll of recharging {unknown}
 r - a scroll of amnesia {unknown}
Potions
 d - 2 potions of might
 g - a potion of brilliance {unknown}
 i - a potion of lignification {unknown}
 j - a potion of curing {unknown}
 k - a potion of magic {unknown}
Comestibles
 f - a bread ration


   Skills:
 + Level 5.0 Fighting
 * Level 3.6 Axes
 + Level 4.1 Armour
 + Level 3.7 Shields


You had 3 spell levels left.
You didn't know any spells.

Dungeon Overview and Level Annotations

Branches:
Dungeon (3/15)

Altars:


Message History

* * * LOW HITPOINT WARNING * * *
You are poisoned.
The scorpion poisons you!
Your chain mail prevents you from hitting the scorpion.
The scorpion is heavily wounded.
* * * LOW HITPOINT WARNING * * *
You feel sick. The scorpion stings you.
* * * LOW HITPOINT WARNING * * *
You are more poisoned.
The scorpion poisons you!
The scorpion stings you but does no damage.
You hit the scorpion.
The scorpion is almost dead.
* * * LOW HITPOINT WARNING * * *
You feel sick. You block the scorpion's attack.
Your shield and chain mail prevent you from hitting the scorpion.
The scorpion is almost dead.
* * * LOW HITPOINT WARNING * * *
You feel sick. The scorpion stings you.
You die...

. #....###.?......
...##. #.##...#........
.#...#.##.####..........
........#.#####†...###
.........†....##...#####
...........##..#........
...........#.......#....
...................# ...
...##@...#............
### #.s..#.......#....
#....#########....
#....# ### #....# ######


You could see a scorpion.

Vanquished Creatures
  A howler monkey zombie (D:3)
  3 adders (D:2)
  An ooze (D:2)
  3 worms
  3 dart slugs
  2 leopard geckos
  3 ball pythons
  6 bats
  4 giant cockroaches
  7 goblins
  5 hobgoblins
  A quokka (D:2)
  3 frilled lizards
  7 rats
49 creatures vanquished.

Notes
Turn   | Place    | Note
-------+----------+-------------------------------------------
     0 | D:1      | MovingMist the Hill Orc Fighter began the quest for the Orb.
     0 | D:1      | Reached XP level 1. HP: 19/19 MP: 1/1
   247 | D:1      | Reached XP level 2. HP: 27/27 MP: 2/2
   408 | D:1      | Reached skill level 4 in Fighting
  1017 | D:2      | Reached XP level 3. HP: 33/33 MP: 3/3
  1470 | D:2      | Reached XP level 4. HP: 41/41 MP: 4/4
  1643 | D:2      | Reached skill level 5 in Fighting
  2041 | D:3      | Noticed a hungry ghost
  2159 | D:3      | Slain by a scorpion

Skill      XL: |  1  2  3  4 |
---------------+-------------+-----
Axes           | 3 |  3.6
Fighting       | 4 5 |  5.0
Armour         | 4 |  4.1
Shields        | |  3.7

Action                   |  1- 3 |  4- 6 || total
-------------------------+-------+-------++-------
Melee: War axe           |   129 |   124 ||   253
Evoke: Wand              |       |     2 ||     2
  Eat: Chunk             |     2 |     2 ||     4
       Bread ration      |       |     2 ||     2
Armor: Scale mail        |    44 |       ||    44
       Chain mail        |    22 |    80 ||   102
Dodge: Dodged            |    40 |    26 ||    66
Block: Shield            |    61 |    69 ||   130
